 Dungeon Crawl Stone Soup version 0.26.0-15-gc6cd9f700b (webtiles) character file.

Game seed: 3896437789813660313

1533296 rgaf the Executioner (level 27, 230/230 HPs)
             Began as a Formicid Hunter on Jan 15, 2021.
             Was the Champion of Okawaru.
             Escaped with the Orb
             ... and 3 runes on Jan 16, 2021!
             The game lasted 02:01:48 (87312 turns).

rgaf the Executioner (Formicid Hunter)             Turns: 87312, Time: 02:01:49

Health: 230/230    AC: 40    Str: 32    XL:     27
Magic:  34/34      EV: 15    Int: 12    God:    Okawaru [******]
Gold:   4845       SH: 29    Dex: 11    Spells: 26/26 levels left

rFire    + + +     SeeInvis +   b - +8 frozen axe "Frostbite" {freezing cloud, *Noise +Fly rC+}
rCold    + + .     Faith    .   i - +7 tower shield of the Playwright {Harm rF+++ Will- Int-5}
rNeg     . . .     Spirit   +   S - +10 storm dragon scales {Bai Suzhen}
rPois    +         Reflect  .   (helmet unavailable)
rElec    +         Harm     +   L - +2 cloak {Will+}
rCorr    +         Rampage  .   h - +3 pair of gauntlets of War {Slay+5}
Will     +++++                  l - +2 pair of boots of Ashenzari's Hatred {+Fly rF+ Will++ Slay+3}
Stlth    ..........             m - amulet of guardian spirit
HPRegen  0.48/turn              o - ring of Xael {rPois Will+ Str+4 Int+4}
MPRegen  0.24/turn              Q - ring of resist corrosion

@: studying Crossbows
A: permanent stasis, dig shafts and tunnels, four strong arms, antennae 3, cold
resistance 1, mutation resistance 1
0: Orb of Zot
}: 3/15 runes: decaying, slimy, gossamer
a: Dig, Shaft Self, Renounce Religion, Evoke Flight, Heroism, Finesse


You escaped.
You worshipped Okawaru.
Okawaru was exalted by your worship.
You visited 11 branches of the dungeon, and saw 54 of its levels.
You visited 1 bazaar.
You also visited: Ossuary and Bailey.

You collected 10224 gold pieces.
You spent 5379 gold pieces at shops.

Inventory:

Hand Weapons
 a - a +9 great mace of draining
 b - the +8 frozen axe "Frostbite" (weapon) {freezing cloud, *Noise +Fly rC+}
   (You took it off a deep elf sorcerer on level 3 of the Elven Halls)

   It has been specially enchanted to freeze those struck by it, causing extra
   injury to most foes and up to half again as much damage against particularly
   susceptible opponents.
   It can also slow down cold-blooded creatures.
   It protects you from cold.
   It lets you fly.
   It may make noises in combat.
 Z - the +7 pair of quick blades "Gyre" and "Gimble" {protect}
   (You found it on level 5 of the Pits of Slime)

   It grants its wielder temporary protection when it strikes (+7 to AC).
Missiles
 c - 47 javelins
 d - 3 throwing nets
 k - 73 poisoned darts
 K - 35 curare-tipped darts
 O - 40 atropa-tipped darts
 Y - 34 silver javelins (quivered)
Armour
 h - the +3 pair of gauntlets of War (worn) {Slay+5}
   (Okawaru gifted it to you on level 4 of the Vaults)

   It affects your accuracy and damage with ranged weapons and melee attacks
   (+5).
 i - the +7 tower shield of the Playwright (worn) {Harm rF+++ Will- Int-5}
   (Okawaru gifted it to you on level 3 of the Depths)

   It affects your intelligence (-5).
   It renders you almost immune to fire.
   It affects your willpower, your defense against some magical effects.
   It increases damage dealt and taken.
 l - the +2 pair of boots of Ashenzari's Hatred (worn) {+Fly rF+ Will++ Slay+3}
   (You acquired it on level 5 of the Depths)

   It affects your accuracy and damage with ranged weapons and melee attacks
   (+3).
   It protects you from fire.
   It affects your willpower, your defense against some magical effects.
   It lets you fly.
 L - a +2 cloak of willpower (worn)
 S - +10 storm dragon scales (worn) {Bai Suzhen}
 X - the +4 plate armour of the Harvest {Will+ Int+3}
   (You found it on level 1 of the Elven Halls)

   It affects your intelligence (+3).
   It affects your willpower, your defense against some magical effects.
Jewellery
 m - an amulet of guardian spirit (around neck)
 o - the ring of Xael (left hand) {rPois Will+ Str+4 Int+4}
   (You bought it in a shop on level 2 of the Orcish Mines)

   [ring of willpower]

   It affects your strength (+4).
   It affects your intelligence (+4).
   It protects you from poison.
   It affects your willpower, your defense against some magical effects.
 q - the amulet "Emmecvat" {RegenMP rF+ rC+}
   (You found it on level 5 of the Pits of Slime)

   [amulet of magic regeneration]

   It increases your magic regeneration.
   It protects you from fire.
   It protects you from cold.
 A - the ring "Xyps" {rF+ rC+ SInv}
   (You found it in a bailey)

   [ring of see invisible]

   It protects you from fire.
   It protects you from cold.
   It lets you see invisible.
 Q - a ring of resist corrosion (right hand)
Wands
 j - a wand of paralysis (44)
 D - a wand of enslavement (10)
 J - a wand of polymorph (55)
 N - a wand of acid (46)
 P - a wand of disintegration (54)
 T - a wand of iceblast (25)
 U - a wand of digging (20)
Scrolls
 e - 29 scrolls of remove curse
 f - 2 scrolls of silence
 r - a scroll of brand weapon
 s - 2 scrolls of fear
 u - 8 scrolls of magic mapping
 w - 18 scrolls of amnesia
 y - 5 scrolls of fog
 C - 5 scrolls of enchant armour
 G - 12 scrolls of identify
 I - 5 scrolls of enchant weapon
 M - 4 scrolls of summoning
Potions
 g - 7 potions of resistance
 n - a potion of mutation
 p - 8 potions of flight
 t - 7 potions of invisibility
 v - 3 potions of magic
 x - 5 potions of lignification
 B - 10 potions of ambrosia
 E - 12 potions of curing
 F - 7 potions of brilliance
 H - 4 potions of cancellation
 V - 3 potions of might
Books
 W - a manual of Crossbows
Miscellaneous
 R - a condenser vane (inert)


   Skills:
 + Level 21.7 Fighting
 - Level 24.8(26.0) Axes
 - Level 15.4(21.6) Maces & Flails
 - Level 16.0 Throwing
 - Level 18.0 Armour
 + Level 12.5 Dodging
 - Level 1.2 Stealth
 - Level 15.0 Shields
 - Level 15.0 Invocations
 - Level 15.0 Evocations


You had 26 spell levels left.
You didn't know any spells.
Your spell library contained the following spells:

 Spells                   Type           Power        Failure   Level
 Animate Skeleton         Necr           0%           65%         1
 Apportation              Tloc           0%           65%         1
 Beastly Appendage        Tmut           0%           65%         1
 Corona                   Hex            0%           65%         1
 Magic Dart               Conj           0%           65%         1
 Sandblast                Erth           0%           65%         1
 Shock                    Conj/Air       0%           65%         1
 Summon Small Mammal      Summ           0%           65%         1
 Corpse Rot               Necr/Air       N/A          80%         2
 Ensorcelled Hibernation  Hex/Ice        0%           80%         2
 Passwall                 Tmut/Erth      0%           80%         2
 Searing Ray              Conj           0%           80%         2
 Slow                     Hex            0%           80%         2
 Sublimation of Blood     Necr           0%           80%         2
 Wereblood                Tmut           0%           80%         2
 Confusing Touch          Hex            0%           95%         3
 Dazzling Flash           Conj/Hex       0%           95%         3
 Gell's Gravitas          Tloc           0%           95%         3
 Ignite Poison            Fire/Tmut/Pois 0%           95%         3
 Inner Flame              Hex/Fire       0%           95%         3
 Lesser Beckoning         Tloc           0%           95%         3
 Portal Projectile        Hex/Tloc       0%           95%         3
 Spider Form              Tmut/Pois      0%           95%         3
 Static Discharge         Conj/Air       0%           95%         3
 Stone Arrow              Conj/Erth      0%           95%         3
 Teleport Other           Tloc           0%           95%         3
 Tukima's Dance           Hex            0%           95%         3
 Vampiric Draining        Necr           0%           95%         3
 Airstrike                Air            0%           100%        4
 Cause Fear               Hex            0%           100%        4
 Dispel Undead            Necr           0%           100%        4
 Fulminant Prism          Conj/Hex       0%           100%        4
 Ice Form                 Ice/Tmut       0%           100%        4
 Iskenderun's Mystic Bla  Conj/Tloc      0%           100%        4
 Leda's Liquefaction      Hex/Erth       0%           100%        4
 Passage of Golubria      Tloc           N/A          100%        4
 Petrify                  Tmut/Erth      0%           100%        4
 Summon Lightning Spire   Summ/Air       0%           100%        4
 Agony                    Necr           0%           100%        5
 Alistair's Intoxication  Tmut/Pois      0%           100%        5
 Blade Hands              Tmut           0%           100%        5
 Bolt of Magma            Conj/Fire/Erth 0%           100%        5
 Borgnjor's Vile Clutch   Necr/Erth      0%           100%        5
 Excruciating Wounds      Necr           0%           100%        5
 Irradiate                Conj/Tmut      0%           100%        5
 Iskenderun's Battlesphe  Conj           0%           100%        5
 Lee's Rapid Deconstruct  Erth           0%           100%        5
 Lightning Bolt           Conj/Air       0%           100%        5
 Metabolic Englaciation   Hex/Ice        0%           100%        5
 Silence                  Hex/Air        0%           100%        5
 Yara's Violent Unravell  Hex/Tmut       0%           100%        5
 Conjure Ball Lightning   Conj/Air       0%           100%        6
 Death Channel            Necr           0%           100%        6
 Dispersal                Tloc           0%           100%        6
 Eringya's Noxious Bog    Tmut/Pois      0%           100%        6
 Hydra Form               Tmut           0%           100%        6
 Iron Shot                Conj/Erth      0%           100%        6
 Simulacrum               Ice/Necr       0%           100%        6
 Statue Form              Tmut/Erth      0%           100%        6
 Dragon Form              Tmut           0%           100%        7
 Haunt                    Necr/Summ      0%           100%        7
 Orb of Destruction       Conj           0%           100%        7
 Spellforged Servitor     Conj/Summ      0%           100%        7
 Borgnjor's Revivificati  Necr           0%           100%        8
 Disjunction              Tloc           0%           100%        8
 Infestation              Necr           0%           100%        8
 Necromutation            Tmut/Necr      0%           100%        8
 Death's Door             Necr           0%           100%        9
 Tornado                  Air            0%           100%        9
 Blink                    Tloc           Unusable     N/A         2
 Swiftness                Air            Unusable     N/A         2

Dungeon Overview and Level Annotations

Branches:
Dungeon (15/15)            Temple (1/1) D:6            Lair (6/6) D:8
  Swamp (4/4) Lair:3       Spider (4/4) Lair:4        Slime (5/5) Lair:6
    Orc (2/2) D:11            Elf (3/3) Orc:2        Vaults (4/5) D:13
  Crypt (0/3) Vaults:3     Depths (5/5) D:15            Zot (5/5) Depths:5
Ossuary (visited)          Bailey (visited)

Altars:
Ashenzari
Cheibriados
Elyvilon
Fedhas
Hepliaklqana
Kikubaaqudgha
Makhleb
Okawaru
Ru
Sif Muna
Trog
Vehumet
Xom
Yredelemnul
Zin
Beogh
Jiyva

Shops:
Orc:2 *=[   Vaults:1 *   Vaults:4 !   Depths:1 =}=

Portals:
Hell: Depths:1 Depths:2 Depths:3 Depths:4 Depths:5
Abyss: Depths:1 Depths:4
Pandemonium: Depths:3
Ziggurat: Depths:3
Trove: Depths:5 (give 5 scrolls of fear)

Annotations:
D:14 3 runed translucent doors, Wociock's ghost, journeyman DgWz
Lair:5 exclusion: 2 oklob plants
Spider:2 2 runed translucent doors, iamoutofideas's ghost, adept DDFi
Orc:1 2 transporters, Jabob's ghost, journeyman HuIE
Elf:2 3 runed translucent doors
Depths:5 3 runed translucent doors, Caat Rau's ghost, adept DgCj


Innate Abilities, Weirdness & Mutations

You cannot be hasted, slowed, berserked, paralysed or teleported.
You can dig through walls and to a lower floor.
Your four strong arms can wield two-handed weapons with a shield.
You have a pair of large antennae on your head. (SInv)
Your flesh is cold resistant. (rC+)
You are somewhat resistant to further mutation.


Message History

You dig through the rock wall.
You dig through the rock wall.
You dig through the rock wall.
You dig through the rock wall.
You dig through the rock wall.
You dig through the rock wall.
You dig through the rock wall.
You dig through the rock wall.
You dig through the rock wall.
You dig through the rock wall.
You dig through the rock wall.
You dig through the rock wall.
You dig through the rock wall.
You dig through the rock wall.
You retract your mandibles.
There is an escape hatch in the floor here.
A sixfirhy and an orange demon come into view.
The sixfirhy moves out of view.
The orange demon moves out of view.
There is a staircase leading out of the dungeon here.
You have escaped!

....)................†........>#
........####.........#....####.#
..#####.# ##.......##.#.###...#
..# #.####..♣♣.♣♣..#....##.###
..# #...#.♣♣♣♣.♣♣♣♣.##..##.# ..#
##.>.♣♣♣♣∩.∩♣♣♣♣{>..##.# ..#
#...♣♣∩.....∩♣♣({..##.# ..#
#..♣♣∩..♣♣♣..∩♣♣.{....# ###
#..♣♣∩...@...∩♣♣..#####
#..♣♣∩..♣♣♣..∩♣♣..#
#...♣♣∩.....∩♣♣...#
#.>.♣♣♣.∩∩∩♣.♣♣.>.####
#....♣.♣♣♣♣♣...#..#..##
###....♣♣♣♣♣..###..##.##
##.........## #.####.#
##....##### #.# #.## ####.# #.#
##.#


There were no monsters in sight!

Vanquished Creatures
  the Royal Jelly (Slime:5)
  2 pandemonium lords
  6 orbs of fire
  6 ancient liches (Zot:5)
  Margery (Depths:5)
  2 Killer Klowns (Zot:5)
  Bai Suzhen (Spider:4)
  A curse toe (Zot:5)
  4 golden dragons
  Nikola (Vaults:1)
  Arachne (Spider:3)
  A bone dragon (Depths:5)
  A Tzitzimitl (D:12)
  6 liches
  5 electric golems
  23 tentacled monstrosities
  An Ice Fiend (D:12)
  27 Orb Guardians
  4 quicksilver dragons
  12 acid blobs
  3 deep elf blademasters
  Frances (Spider:2)
  2 sphinxes
  An ancient champion (Vaults:3)
  Agnes (Spider:4)
  6 death cobs
  3 thorn hunters (Swamp:4)
  5 draconian monks
  14 storm dragons
  5 tengu reavers
  Donald (Spider:3)
  9 shadow dragons
  14 azure jellies
  7 frost giants
  8 fire giants
  2 iron dragons
  A nagaraja (Vaults:2)
  Louise (Spider:4)
  An orc warlord (Orc:2)
  8 draconian scorchers
  A balrug (Depths:1)
  6 draconian shifters
  6 deep elf sorcerers
  9 ghost moths
  2 draconian knights
  A deep elf elementalist (Elf:3)
  11 ironheart preservers
  8 emperor scorpions
  13 vault wardens
  A curse skull (Vaults:3)
  10 draconian stormcallers
  3 draconian annihilators
  13 very ugly things
  19 stone giants
  3 spriggan defenders
  7 deep elf annihilators
  4 deep elf demonologists
  3 bunyips
  10 vampire knights
  5 black draconians
  9 entropy weavers
  13 green draconians
  A lorocyproca (Zot:2)
  5 red draconians
  Azrael (D:15)
  7 spark wasps
  12 purple draconians
  9 yellow draconians
  3 white draconians (Zot:5)
  A crystal guardian (Vaults:4)
  Snorg (D:11)
  Josephine (Lair:4)
  5 deep elf death magi
  18 ettins
  15 yaktaur captains
  4 eleionomae
  2 shambling mangroves (Swamp:4)
  A merfolk impaler (Depths:2)
  8 death oozes (Slime:5)
  4 deep elf high priests
  7 fire dragons
  12 ice dragons
  9 great orbs of eyes
  13 hydras
  A hell beast (D:12)
  12 boulder beetles
  11 centaur warriors
  A rakshasa (Depths:2)
  3 ghost crabs
  4 spriggan air magi
  3 catoblepae (Lair:6)
  17 vault guards
  3 death knights
  5 deep troll shamans
  7 tengu warriors
  7 alligators
  12 ogre magi
  49 two-headed ogres
  19 death yaks
  A queen ant (Spider:1)
  6 spriggan berserkers
  5 vampire magi
  9 deep troll earth magi
  A titan zombie (Depths:1)
  11 dancing weapons
  3 orc high priests
  3 small abominations
  A shock serpent (shapeshifter) (Depths:5)
  33 spriggans
  3 sun demons
  A soul eater (Vaults:3)
  Sonja (D:13)
  15 deep elf knights
  Nergalle (D:11)
  A sixfirhy (D:13)
  10 hell knights
  A shadow wraith (Vaults:4)
  3 iron trolls (Depths:4)
  6 spriggan druids
  A storm dragon skeleton (Depths:3)
  A skeletal warrior (D:14)
  A sea snake (shapeshifter) (Vaults:3)
  5 swamp dragons
  A shadow demon (D:10)
  3 goliath frogs (Swamp:1)
  4 unseen horrors
  3 flayed ghosts
  7 bog bodies
  30 deep trolls
  7 glowing orange brains
  3 spectral hydras (Swamp:4)
  4 wizards
  A phantasmal warrior (Vaults:2)
  16 deep elf archers
  An obsidian statue (Elf:2)
  20 orc knights
  A harpy (Vaults:1)
  13 ironbrand convokers
  A harpy (shapeshifter) (Vaults:3)
  2 tengu zombies
  34 deep elf magi
  53 ugly things
  22 orb spiders
  A sphinx skeleton (Depths:3)
  27 wolf spiders
  3 oklob plants (Swamp:4)
  4 shining eyes (Slime:5)
  6 necromancers
  2 tengu skeletons
  5 will-o-the-wisps
  A fire giant zombie (Depths:1)
  4 manticores
  3 orc sorcerers
  A large abomination (Elf:1)
  28 moths of wrath
  6 cyclopes
  A stone giant skeleton (Depths:1)
  A centaur zombie (D:15)
  4 black mambas
  A guardian serpent (shapeshifter) (Depths:4)
  7 vault sentinels
  An eye of devastation (Slime:2)
  2 cane toads (shapeshifter)
  A torpor snail (Spider:1)
  A torpor snail (shapeshifter) (Depths:4)
  15 cane toads
  3 naga magi (Vaults:3)
  3 gargoyles
  A hellion (D:15)
  2 rime drakes
  A yaktaur (shapeshifter) (Depths:2)
  A kobold demonologist (D:14)
  7 freezing wraiths
  5 komodo dragons
  43 yaktaurs
  13 demonic crawlers
  29 jumping spiders
  6 tengu conjurers
  4 tyrant leeches (Swamp:3)
  A polar bear (shapeshifter) (Elf:1)
  2 death drake zombies (Swamp:4)
  3 meliai (Spider:4)
  Grinder (D:3)
  2 hydra skeletons (Swamp:4)
  2 hydra zombies (Swamp:4)
  35 hornets
  12 trolls
  A tengu simulacrum (Vaults:3)
  A death drake skeleton (Swamp:4)
  24 blink frogs
  54 slime creatures
  A slime creature (shapeshifter) (Bailey)
  A deep troll zombie (Depths:1)
  13 water elementals
  A vampire (D:12)
  A redback (shapeshifter) (Depths:2)
  A shadow (D:13)
  2 air elementals
  A tarantella (shapeshifter) (Depths:2)
  35 tarantellas
  94 redbacks
  4 basilisks
  7 wraiths
  A fire bat (Bailey)
  4 wyverns
  A human (shapeshifter) (Vaults:4)
  A basilisk (shapeshifter) (D:14)
  38 yaks
  A hog (shapeshifter) (Vaults:1)
  A yak (shapeshifter) (Depths:1)
  4 steam dragons
  8 fire elementals
  11 vampire mosquitoes
  A yaktaur simulacrum (Vaults:3)
  Edmund (D:5)
  21 soldier ants
  7 swamp worms
  4 wargs
  A naga (shapeshifter) (Vaults:2)
  Duvessa (D:7)
  18 water moccasins
  2 floating eyes
  3 hell hounds
  2 acid dragons
  3 hydra simulacra (Swamp:4)
  62 orc warriors
  2 black bears
  6 swamp drakes
  8 sky beasts
  An eye of draining (shapeshifter) (Vaults:1)
  3 eyes of draining
  2 ice beasts
  4 phantoms
  20 wolves
  3 necrophages
  34 ogres
  6 boggarts
  A swamp dragon skeleton (Swamp:4)
  A swamp dragon zombie (Swamp:4)
  15 centaurs
  3 elf zombies
  A big kobold (D:14)
  20 bullfrogs
  Dowan (D:7)
  2 earth elementals
  9 scorpions
  18 killer bees
  7 wights
  A human simulacrum (Vaults:3)
  5 electric eels
  3 howler monkeys
  3 crimson imps
  4 jellies
  2 quasits (D:8)
  3 bullfrog zombies
  5 hounds
  4 bullfrog skeletons
  A gnoll shaman (D:7)
  25 orc priests
  16 orc wizards
  6 centaur skeletons
  An iron imp (Depths:3)
  Terence (D:3)
  3 iguanas
  35 worker ants
  5 hell rats (Lair:5)
  A big kobold zombie (Ossuary)
  A hound zombie (D:11)
  4 mummies (Ossuary)
  A worker ant zombie (D:10)
  Robin (D:2)
  12 gnolls
  A howler monkey skeleton (D:6)
  25 adders
  3 shadow imps
  A white imp (D:5)
  5 ufetubi
  An ooze (D:3)
  3 adder zombies
  3 adder skeletons
  5 worms
  2 dart slugs
  6 leopard geckos
  111 orcs
  3 ball pythons
  8 bats
  5 giant cockroaches
  4 gnoll zombies (Ossuary)
  23 goblins
  8 hobgoblins
  11 jackals
  7 quokkas
  3 frilled lizards
  A goblin zombie (Ossuary)
  A hobgoblin zombie (Ossuary)
  11 kobolds
  A kobold zombie (Ossuary)
  An orc zombie (Ossuary)
  A quokka skeleton (D:4)
  7 rats
  A rat zombie (Ossuary)
  3 crawling corpses
2311 creatures vanquished.

Vanquished Creatures (collateral kills)
  A killer bee (D:8)
1 creature vanquished.

Vanquished Creatures (others)
  A quicksilver dragon (Depths:4)
  A deep elf elementalist (Elf:3)
  A spriggan defender (Depths:4)
  A deep elf death mage (Elf:3)
  2 deep elf high priests (Elf:3)
  A hydra (Swamp:2)
  An alligator (Swamp:2)
  A demonic crawler (Spider:1)
  2 bloated husks
  2 boggarts
  2 killer bees (D:8)
  20 foxfires
  14 fungi
  57 plants
  39 withered plants (Swamp:3)
145 creatures vanquished.

Grand Total: 2457 creatures vanquished

Notes
Turn   | Place    | Note
-------+----------+-------------------------------------------
     0 | D:1      | rgaf the Formicid Hunter began the quest for the Orb.
     0 | D:1      | Reached XP level 1. HP: 16/16 MP: 1/1
   209 | D:1      | Reached skill level 1 in Maces & Flails
   209 | D:1      | Reached XP level 2. HP: 23/23 MP: 2/2
  1237 | D:2      | Reached XP level 3. HP: 28/28 MP: 3/3
  1343 | D:2      | Found a bloodstained altar of Trog.
  1547 | D:2      | Reached skill level 1 in Shields
  1771 | D:2      | Reached XP level 4. HP: 29/34 MP: 4/4
  2011 | D:2      | Noticed Robin
  2031 | D:2      | Killed Robin
  2520 | D:3      | Found a sacrificial altar of Ru.
  2521 | D:3      | Noticed Terence
  2543 | D:3      | Killed Terence
  2544 | D:3      | Reached XP level 5. HP: 24/39 MP: 5/5
  2864 | D:3      | Reached XP level 6. HP: 45/45 MP: 6/6
  2900 | D:3      | Noticed Grinder
  2954 | D:3      | You fall into a shaft and drop 2 floors!
  2954 | D:5      | Entered Level 5 of the Dungeon
  3238 | D:5      | Noticed a sky beast
  3260 | D:5      | Killed a sky beast
  3261 | D:5      | Reached skill level 5 in Maces & Flails
  3430 | D:5      | Reached XP level 7. HP: 38/51 MP: 7/7
  3601 | D:5      | Reached skill level 1 in Armour
  3830 | D:5      | Noticed Edmund
  4035 | D:4      | Reached XP level 8. HP: 56/58 MP: 8/8
  4160 | D:4      | Found a sand-covered staircase.
  4167 | Ossuary  | Entered an ossuary
  5186 | D:3      | Killed Grinder
  5403 | D:4      | Found a broken altar of Ashenzari.
  5471 | D:4      | You fall into a shaft and drop 1 floor!
  5527 | D:5      | Killed Edmund
  5649 | D:5      | Found an ancient bone altar of Kikubaaqudgha.
  5938 | D:4      | Found a white marble altar of Elyvilon.
  5954 | D:4      | Reached skill level 5 in Fighting
  5954 | D:4      | Reached XP level 9. HP: 68/68 MP: 9/9
  6626 | D:6      | Reached skill level 5 in Armour
  6807 | D:6      | Found a staircase to the Ecumenical Temple.
  6851 | Temple   | Entered the Ecumenical Temple
  6861 | Temple   | Became a worshipper of Warmaster Okawaru
  7197 | D:6      | Got a vibrating silver ring
  7981 | D:7      | Reached skill level 10 in Maces & Flails
  7981 | D:7      | Reached XP level 10. HP: 77/77 MP: 10/10
  8182 | D:7      | Noticed Duvessa
  8209 | D:7      | Killed Duvessa
  8232 | D:7      | Noticed Dowan
  8294 | D:7      | Killed Dowan
  8602 | D:8      | Reached * piety under Okawaru
  8647 | D:8      | Found a snail-covered altar of Cheibriados.
  8976 | D:8      | Noticed a two-headed ogre
  8988 | D:8      | Killed a two-headed ogre
  9133 | D:8      | Noticed a death yak
  9149 | D:8      | You fall into a shaft and drop 1 floor!
  9327 | D:9      | Noticed a two-headed ogre
  9341 | D:9      | Killed a two-headed ogre
  9341 | D:9      | Reached ** piety under Okawaru
  9353 | D:9      | Found a flagged portal.
  9404 | Bailey   | Entered a bailey
  9800 | Bailey   | Identified the ring "Senax" {*Drain +Inv rPois rF- rN+}
                  | (You found it on level 6 of the Dungeon)
  9912 | Bailey   | Noticed an orc knight
  9964 | Bailey   | Reached XP level 11. HP: 80/86 MP: 11/11
  9990 | Bailey   | Noticed a glowing shapeshifter
  9990 | Bailey   | an orc knight changed into a glowing shapeshifter
  9991 | Bailey   | a glowing shapeshifter changed into a floating eye
 10006 | Bailey   | Noticed a moth of wrath
 10007 | Bailey   | a moth of wrath changed into a water nymph
 10008 | Bailey   | Noticed a mana viper
 10008 | Bailey   | a water nymph changed into a mana viper
 10010 | Bailey   | a mana viper changed into a water nymph
 10012 | Bailey   | Noticed an anaconda
 10012 | Bailey   | a water nymph changed into an anaconda
 10015 | Bailey   | an anaconda changed into a slime creature
 10023 | Bailey   | Reached skill level 1 in Invocations
 10390 | Bailey   | Got a heavily runed platinum ring
 10398 | Bailey   | Identified the ring "Xyps" {rF+ rC+ SInv} (You found it in
                  | a bailey)
 10445 | D:8      | Noticed a two-headed ogre
 10458 | D:8      | Killed a two-headed ogre
 10473 | D:8      | Killed a death yak
 10473 | D:8      | Reached *** piety under Okawaru
 10678 | D:8      | Found a staircase to the Lair.
 11197 | D:9      | Found a shimmering altar of Xom.
 11861 | D:8      | Received a gift from Okawaru
 12262 | D:10     | Entered Level 10 of the Dungeon
 12375 | D:10     | Reached **** piety under Okawaru
 13115 | D:11     | Noticed Nergalle
 13141 | D:11     | Killed Nergalle
 13142 | D:11     | Reached XP level 12. HP: 75/96 MP: 15/15
 13403 | D:11     | Reached skill level 5 in Invocations
 13913 | D:11     | Noticed Snorg
 13929 | D:11     | Killed Snorg
 14109 | D:11     | Found a staircase to the Orcish Mines.
 14145 | D:11     | Found a roughly hewn altar of Beogh.
 14257 | D:11     | Reached ***** piety under Okawaru
 14670 | Lair:1   | Entered Level 1 of the Lair of Beasts
 14920 | Lair:1   | Reached skill level 10 in Fighting
 14923 | Lair:1   | Received a gift from Okawaru
 15377 | Lair:1   | Received a gift from Okawaru
 15715 | Lair:1   | Noticed a death yak
 15715 | Lair:1   | Noticed a death yak
 15741 | Lair:1   | Killed a death yak
 15742 | Lair:1   | Reached skill level 10 in Armour
 15747 | Lair:1   | Killed a death yak
 15748 | Lair:1   | Noticed a death yak
 15748 | Lair:1   | Noticed a death yak
 15749 | Lair:1   | Noticed a death yak
 15764 | Lair:1   | Killed a death yak
 15771 | Lair:1   | Killed a death yak
 15772 | Lair:1   | Reached XP level 13. HP: 97/104 MP: 18/18
 16767 | Lair:2   | Noticed a seven-headed hydra
 16778 | Lair:2   | Killed a seven-headed hydra
 16807 | Lair:2   | Noticed a four-headed hydra
 16822 | Lair:2   | Killed a four-headed hydra
 16822 | Lair:2   | Received a gift from Okawaru
 17269 | Lair:2   | Found a hazy altar of Hepliaklqana.
 17713 | Lair:2   | Noticed a boulder beetle
 17740 | Lair:2   | Killed a boulder beetle
 18032 | Lair:3   | Received a gift from Okawaru
 19216 | Lair:3   | Reached skill level 10 in Invocations
 19476 | Lair:3   | Found a staircase to the Swamp.
 19646 | Lair:4   | Found a hole to the Spider Nest.
 20062 | Lair:4   | Noticed Josephine
 20079 | Lair:4   | Killed Josephine
 20080 | Lair:4   | Reached XP level 14. HP: 44/108 MP: 21/21
 21047 | Lair:5   | Received a gift from Okawaru
 21061 | Lair:5   | Got a slimy mace {god gift}
 21167 | Lair:5   | Identified the +1 mace "Tat Qofu" {freeze, Int+8} (Okawaru
                  | gifted it to you on level 5 of the Lair of Beasts)
 21593 | Lair:6   | Entered Level 6 of the Lair of Beasts
 22560 | Lair:6   | Received a gift from Okawaru
 22604 | Lair:6   | Found a staircase to the Slime Pits.
 22605 | Lair:6   | Found a viscous altar of Jiyva.
 23144 | Lair:6   | Received a gift from Okawaru
 23697 | Lair:6   | Reached ****** piety under Okawaru
 23707 | Lair:6   | Received a gift from Okawaru
 24293 | Lair:6   | Received a gift from Okawaru
 24294 | Lair:6   | Reached XP level 15. HP: 116/125 MP: 24/24
 25001 | Orc:1    | Entered Level 1 of the Orcish Mines
 25035 | Orc:1    | Found a transporter.
 25302 | Orc:1    | Found a transporter.
 25305 | Orc:1    | Noticed Jabob's ghost (journeyman HuIE)
 25864 | Orc:1    | Found a roughly hewn altar of Beogh.
 26295 | Orc:2    | Entered Level 2 of the Orcish Mines
 26297 | Orc:2    | Found a staircase to the Elven Halls.
 26394 | Orc:2    | Found Cerutufo's General Store.
 26472 | Orc:2    | Bought a scroll of acquirement for 728 gold pieces
 26487 | Orc:2    | Found a roughly hewn altar of Beogh.
 26858 | Orc:2    | Found Xill's Antique Armour Emporium.
 27010 | Orc:2    | Bought a pair of faintly humming gloves for 313 gold pieces
 27010 | Orc:2    | Identified the cursed -6 pair of gloves of Baldness
                  | {Rampage Dex-3 Slay+2 Stlth+} (You bought it in a shop on
                  | level 2 of the Orcish Mines)
 27012 | Orc:2    | Bought a glowing cloak for 247 gold pieces
 27039 | Orc:2    | Found a burning altar of Makhleb.
 27118 | Orc:2    | Found Xaonenus's Antique Weapon Boutique.
 27120 | Orc:2    | Found Beug's Jewellery Emporium.
 27495 | Orc:2    | Bought the ring of Xael {rPois Will+ Str+4 Int+4} for 795
                  | gold pieces
 27588 | Orc:2    | Noticed an orc warlord
 27607 | Orc:2    | Killed an orc warlord
 27803 | Orc:2    | Bought a scroll of enchant weapon for 105 gold pieces
 29509 | D:13     | Reached skill level 5 in Shields
 30047 | D:13     | Received a gift from Okawaru
 30561 | D:13     | Noticed an ironheart preserver
 30564 | D:13     | Found a gate to the Vaults.
 30586 | D:13     | Reached skill level 15 in Fighting
 30593 | D:13     | Killed an ironheart preserver
 31027 | D:13     | Reached XP level 16. HP: 123/136 MP: 25/25
 31045 | D:13     | Reached skill level 15 in Armour
 31246 | D:13     | Noticed Sonja
 31247 | D:13     | Killed Sonja
 31530 | D:14     | Found a runed translucent gate.
 31530 | D:14     | Found a runed translucent gate.
 31530 | D:14     | Found a runed translucent gate.
 31818 | D:14     | Noticed Wociock's ghost (journeyman DgWz)
 32555 | D:15     | Entered Level 15 of the Dungeon
 33303 | D:15     | Noticed Azrael
 33342 | D:15     | Killed Azrael
 33647 | D:15     | Received a gift from Okawaru
 33711 | D:15     | Found a staircase to the Depths.
 33967 | D:15     | Acquired 543 gold pieces
 34167 | Spider:1 | Entered Level 1 of the Spider Nest
 35613 | Spider:1 | Reached XP level 17. HP: 132/145 MP: 26/26
 36693 | Spider:2 | Noticed Frances
 36730 | Spider:2 | Killed Frances
 37525 | Spider:2 | Found a large runed translucent door.
 37528 | Spider:2 | Found a large runed translucent door.
 37531 | Spider:2 | Noticed iamoutofideas's ghost (adept DDFi)
 37649 | Spider:3 | Noticed Donald
 37649 | Spider:3 | Noticed Arachne
 37683 | Spider:3 | Killed Donald
 37722 | Spider:3 | Received a gift from Okawaru
 37746 | Spider:3 | Killed Arachne
 37863 | Spider:3 | Received a gift from Okawaru
 38373 | Spider:3 | Received a gift from Okawaru
 39579 | Spider:3 | Reached skill level 5 in Throwing
 40177 | Spider:4 | Entered Level 4 of the Spider Nest
 40216 | Spider:4 | Reached XP level 18. HP: 136/155 MP: 24/27
 40249 | Spider:4 | Received a gift from Okawaru
 40632 | Spider:4 | Got a dazzling dire flail {god gift}
 40647 | Spider:4 | Identified the +11 dire flail of Pillar {protect, rF++
                  | Will+ Str-4} (Okawaru gifted it to you on level 4 of the
                  | Spider Nest)
 40712 | Spider:4 | Noticed Agnes
 40770 | Spider:4 | Killed Agnes
 40838 | Spider:4 | Noticed Louise
 40885 | Spider:4 | Killed Louise
 41152 | Spider:4 | Noticed Bai Suzhen
 41172 | Spider:4 | Killed Bai Suzhen
 41172 | Spider:4 | Received a gift from Okawaru
 41208 | Spider:4 | Got a pair of fine boots {god gift}
 41238 | Spider:4 | Identified the +0 pair of boots of Okawaru's Whim {Dex+3}
                  | (Okawaru gifted it to you on level 4 of the Spider Nest)
 42997 | Spider:4 | Got a gossamer rune of Zot
 43311 | Elf:1    | Entered Level 1 of the Elven Halls
 43481 | Elf:1    | Received a gift from Okawaru
 43540 | Elf:1    | Got a scorched plate armour
 43642 | Elf:1    | Reached XP level 19. HP: 162/163 MP: 27/29
 43711 | Elf:1    | Identified the Disquisition on Evil Secrets
 44005 | Elf:2    | Received a gift from Okawaru
 44173 | Elf:2    | Found a runed translucent gate.
 44173 | Elf:2    | Found a runed translucent gate.
 44173 | Elf:2    | Found a runed translucent gate.
 44782 | Elf:2    | Identified the +4 plate armour of the Harvest {Will+ Int+3}
                  | (You found it on level 1 of the Elven Halls)
 45021 | Elf:2    | Found a gateway to a bazaar.
 45074 | Bazaar   | Entered a bazaar
 45088 | Bazaar   | Found Ekhip's Antique Weapon Emporium.
 45088 | Bazaar   | Found Woam's Jewellery Shoppe.
 45109 | Bazaar   | Found Beon Gey's Gadget Emporium.
 45109 | Bazaar   | Found Ducveyr's General Store.
 45119 | Bazaar   | Bought a potion of heal wounds for 60 gold pieces
 45119 | Bazaar   | Bought a scroll of fear for 42 gold pieces
 45119 | Bazaar   | Bought a scroll of enchant armour for 90 gold pieces
 45119 | Bazaar   | Bought a potion of invisibility for 96 gold pieces
 45133 | Bazaar   | Found Duqel's Gadget Emporium.
 45133 | Bazaar   | Found Vontuatz's General Store.
 45143 | Bazaar   | Bought a potion of might for 48 gold pieces
 45143 | Bazaar   | Bought a potion of might for 48 gold pieces
 45156 | Bazaar   | Found Tezyesh's Weapon Emporium.
 45160 | Bazaar   | Bought a +1 great mace of draining for 336 gold pieces
 45235 | Bazaar   | Bought a condenser vane for 360 gold pieces
 45249 | Bazaar   | Bought a wand of acid (5) for 234 gold pieces
 45249 | Bazaar   | Bought a wand of acid (7) for 286 gold pieces
 45249 | Bazaar   | Bought a wand of acid (6) for 260 gold pieces
 45366 | Elf:3    | Entered Level 3 of the Elven Halls
 45450 | Elf:3    | Reached skill level 15 in Invocations
 45491 | Elf:3    | Reached skill level 1 in Evocations
 45677 | Elf:3    | Reached skill level 15 in Maces & Flails
 45687 | Elf:3    | Received a gift from Okawaru
 45863 | Elf:3    | Reached skill level 10 in Throwing
 47694 | Elf:3    | Noticed a deep elf blademaster
 47716 | Elf:3    | Killed a deep elf blademaster
 47937 | Elf:3    | Identified the +9 glaive "Fiuxane" {elec, rPois rF+ Will+
                  | Dex+3}
 48711 | Elf:3    | Identified the ring of the Fifty Ziggurats {Fire Will-
                  | Int+4 Stlth+}
 48896 | Elf:3    | Identified the +3 mace of Zeloan {vorpal, Int+3}
 48905 | Elf:3    | Reached skill level 1 in Axes
 48906 | Elf:3    | Reached XP level 20. HP: 115/159 MP: 22/31
 49127 | Elf:3    | Reached skill level 2 in Axes
 49130 | Elf:3    | Reached skill level 5 in Evocations
 49596 | Swamp:1  | Entered Level 1 of the Swamp
 49669 | Swamp:1  | Reached skill level 3 in Axes
 49693 | Swamp:1  | Received a gift from Okawaru
 49694 | Swamp:1  | Reached skill level 4 in Axes
 50361 | Swamp:1  | Reached skill level 5 in Axes
 50928 | Swamp:2  | Reached skill level 6 in Axes
 51189 | Swamp:2  | Found a blossoming altar of Fedhas.
 51715 | Swamp:2  | Reached skill level 7 in Axes
 52059 | Swamp:3  | Reached skill level 8 in Axes
 52550 | Swamp:3  | Received a gift from Okawaru
 53023 | Swamp:4  | Entered Level 4 of the Swamp
 53030 | Swamp:4  | Received a gift from Okawaru
 53051 | Swamp:3  | Reached skill level 9 in Axes
 53788 | Swamp:4  | Received a gift from Okawaru
 54132 | Swamp:4  | Reached skill level 10 in Axes
 55125 | Swamp:4  | Reached skill level 11 in Axes
 55173 | Swamp:4  | Reached XP level 21. HP: 89/177 MP: 18/32
 55493 | Swamp:4  | Found a basalt altar of Yredelemnul.
 55505 | Swamp:4  | Got a decaying rune of Zot
 55532 | Swamp:4  | Found a blossoming altar of Fedhas.
 56265 | Vaults:1 | Entered Level 1 of the Vaults
 56354 | Vaults:1 | Reached skill level 12 in Axes
 56460 | Vaults:1 | Found Sumuqad's General Store.
 56544 | Vaults:1 | Bought a scroll of fear for 49 gold pieces
 56872 | Vaults:1 | Received a gift from Okawaru
 57164 | Vaults:1 | Reached skill level 13 in Axes
 57174 | Vaults:1 | Received a gift from Okawaru
 57307 | Vaults:1 | Received a gift from Okawaru
 57521 | Vaults:1 | Noticed Nikola
 57534 | Vaults:1 | Killed Nikola
 57647 | Vaults:1 | Reached skill level 14 in Axes
 58584 | Vaults:2 | Found an ancient bone altar of Kikubaaqudgha.
 58685 | Vaults:2 | You fall into a shaft and drop 1 floor!
 58866 | Vaults:2 | Received a gift from Okawaru
 59038 | Vaults:2 | Reached skill level 15 in Axes
 59195 | Vaults:2 | Received a gift from Okawaru
 59241 | Vaults:2 | Reached XP level 22. HP: 86/184 MP: 19/33
 59511 | Vaults:2 | Identified the +1 leather armour "Goyqoudd" {Str+2}
 59999 | Vaults:2 | Reached skill level 16 in Axes
 60652 | Vaults:2 | Identified the Incunabulum of Earthen Unholy Secrets
 61766 | Vaults:3 | Reached skill level 17 in Axes
 62149 | Vaults:3 | Received a gift from Okawaru
 62373 | Vaults:3 | Received a gift from Okawaru
 62738 | Vaults:3 | Identified the +2 great sword of Integrity {pain, rF+ Will+
                  | Str+4 Dex-2}
 62828 | Vaults:3 | Reached skill level 18 in Axes
 63380 | Vaults:3 | Found a radiant altar of Vehumet.
 63529 | Vaults:3 | Identified the +1 robe of Builaun {Int+3 Dex-3}
 63577 | Vaults:3 | Reached XP level 23. HP: 169/190 MP: 31/34
 63883 | Vaults:3 | Found a staircase to the Crypt.
 64662 | Vaults:4 | Received a gift from Okawaru
 64663 | Vaults:4 | Found the +3 pair of gauntlets of War {Slay+5}
 65276 | Vaults:4 | Reached skill level 10 in Shields
 66152 | Vaults:4 | Found Tephockupp's Distillery.
 66158 | Vaults:4 | Bought 2 potions of resistance for 340 gold pieces
 66158 | Vaults:4 | Bought a potion of heal wounds for 85 gold pieces
 66158 | Vaults:4 | Bought a potion of heal wounds for 85 gold pieces
 66158 | Vaults:4 | Bought a potion of curing for 51 gold pieces
 66158 | Vaults:4 | Bought a potion of heal wounds for 85 gold pieces
 66158 | Vaults:4 | Bought a potion of resistance for 170 gold pieces
 66158 | Vaults:4 | Bought a potion of mutation for 136 gold pieces
 66795 | Depths:1 | Entered Level 1 of the Depths
 66820 | Depths:1 | Received a gift from Okawaru
 67164 | Depths:1 | Reached XP level 24. HP: 197/197 MP: 34/34
 67192 | Depths:1 | Reached skill level 19 in Axes
 68105 | Depths:1 | Found the +12 Vampire's Tooth {vamp}
 68129 | Depths:1 | Found Sebo's Jewellery Emporium.
 68129 | Depths:1 | Found Vuedet's Gadget Shop.
 68130 | Depths:1 | Found Lahau's Jewellery Emporium.
 68138 | Depths:1 | Bought a wand of digging (7) for 330 gold pieces
 68293 | Depths:1 | Found a one-way gate to the infinite horrors of the Abyss.
 68529 | Depths:1 | Found a gateway to Hell.
 69055 | Depths:2 | Reached skill level 10 in Evocations
 69734 | Depths:2 | Received a gift from Okawaru
 71345 | Depths:2 | Received a gift from Okawaru
 71840 | Depths:3 | Received a gift from Okawaru
 71859 | Depths:3 | Reached XP level 25. HP: 156/204 MP: 29/34
 71868 | Depths:3 | Received a gift from Okawaru
 72055 | Depths:3 | Found a gateway to a ziggurat.
 72351 | Depths:3 | Received a gift from Okawaru
 72434 | Depths:3 | Identified the amulet "Luatwut" {Regen+ Dex+5}
 72948 | Depths:3 | Found a one-way gate leading to the halls of Pandemonium.
 74392 | Depths:4 | Reached skill level 20 in Axes
 74410 | Depths:3 | Received a gift from Okawaru
 74413 | Depths:3 | Identified the +7 tower shield of the Playwright {Harm
                  | rF+++ Will- Int-5} (Okawaru gifted it to you on level 3 of
                  | the Depths)
 75094 | Depths:4 | Reached skill level 15 in Throwing
 75415 | Depths:4 | Reached XP level 26. HP: 207/211 MP: 34/34
 75668 | Depths:5 | Entered Level 5 of the Depths
 75905 | Depths:5 | Noticed Margery
 75970 | Depths:5 | Received a gift from Okawaru
 75971 | Depths:5 | Reached skill level 15 in Shields
 76008 | Depths:5 | Killed Margery
 76120 | Depths:5 | Identified the -3 pair of boots of Submission {Int+2}
                  | (Okawaru gifted it to you on level 5 of the Depths)
 76272 | Depths:5 | Found a gate to the Realm of Zot.
 76308 | Depths:5 | Noticed an ancient lich
 76310 | Depths:5 | Found a runed translucent gate.
 76310 | Depths:5 | Found a runed translucent gate.
 76310 | Depths:5 | Noticed Caat Rau's ghost (adept DgCj)
 76311 | Depths:5 | Found a runed translucent gate.
 76511 | Depths:5 | Acquired 991 gold pieces
 76515 | Depths:5 | Acquired the +2 pair of boots of Ashenzari's Hatred {+Fly
                  | rF+ Will++ Slay+3}
 76903 | Depths:5 | Found a portal to a secret trove of treasure.
 77491 | Slime:1  | Entered Level 1 of the Pits of Slime
 77878 | Slime:5  | Entered Level 5 of the Pits of Slime
 78151 | Slime:5  | Noticed the Royal Jelly
 78163 | Slime:5  | Killed the Royal Jelly
 78172 | Slime:5  | Gained mutation: You are dopey. (Int -2) [a shining eye]
 78311 | Slime:5  | Found the +7 pair of quick blades "Gyre" and "Gimble"
                  | {protect}
 78322 | Slime:5  | Reached skill level 21 in Axes
 78337 | Slime:5  | Acquired 666 gold pieces
 78368 | Slime:5  | Got a slimy rune of Zot
 78381 | Slime:5  | Identified the amulet "Emmecvat" {RegenMP rF+ rC+} (You
                  | found it on level 5 of the Pits of Slime)
 78467 | Slime:5  | Gained mutation: You are very dopey. (Int -4) [a shining
                  | eye]
 78647 | Slime:5  | Gained mutation: Scrolls take you a little longer to read.
                  | [a shining eye]
 78649 | Slime:5  | Gained mutation: You are weak. (Str -2) [a shining eye]
 78841 | Lair:6   | Lost mutation: You are very dopey. (Int -4) [potion of
                  | mutation]
 78841 | Lair:6   | Lost mutation: You are weak. (Str -2) [potion of mutation]
 78841 | Lair:6   | Lost mutation: You are dopey. (Int -2) [potion of mutation]
 78841 | Lair:6   | Gained mutation: You expend magic power (3 MP) to
                  | strengthen your wands. [potion of mutation]
 78841 | Lair:6   | Gained mutation: You are partially covered in yellow
                  | scales. (AC +2) [potion of mutation]
 78842 | Lair:6   | Lost mutation: Scrolls take you a little longer to read.
                  | [potion of mutation]
 78842 | Lair:6   | Lost mutation: You expend magic power (3 MP) to strengthen
                  | your wands. [potion of mutation]
 78842 | Lair:6   | Lost mutation: You are partially covered in yellow scales.
                  | (AC +2) [potion of mutation]
 78842 | Lair:6   | Gained mutation: You are somewhat resistant to further
                  | mutation. [potion of mutation]
 79214 | Zot:1    | Entered Level 1 of the Realm of Zot
 79221 | Zot:1    | Received a gift from Okawaru
 79244 | Zot:1    | Identified the +1 cloak "Ygiongu" {rPois rF+ Stlth+}
                  | (Okawaru gifted it to you on level 1 of the Realm of Zot)
 79433 | Zot:1    | Reached skill level 15 in Evocations
 79553 | Zot:1    | Reached XP level 27. HP: 116/217 MP: 22/34
 80140 | Zot:1    | Noticed an orb of fire
 80155 | Zot:1    | Killed an orb of fire
 80272 | Zot:1    | Reached skill level 22 in Axes
 80708 | Zot:2    | Received a gift from Okawaru
 81306 | Zot:2    | Reached skill level 23 in Axes
 81310 | Zot:2    | Received a gift from Okawaru
 81864 | Zot:2    | Received a gift from Okawaru
 83669 | Zot:4    | Reached skill level 24 in Axes
 84745 | Zot:4    | Received a gift from Okawaru
 84954 | Zot:5    | Entered Level 5 of the Realm of Zot
 85025 | Zot:5    | Received a gift from Okawaru
 85481 | Zot:5    | Reached skill level 5 in Dodging
 85750 | Zot:5    | Received a gift from Okawaru
 85861 | Zot:5    | Noticed an orb of fire
 85868 | Zot:5    | Killed an orb of fire
 85869 | Zot:5    | Noticed an ancient lich
 85869 | Zot:5    | Noticed an orb of fire
 85870 | Zot:5    | Killed an orb of fire
 85870 | Zot:5    | Received a gift from Okawaru
 85871 | Zot:5    | Noticed a Killer Klown
 85871 | Zot:5    | Noticed an orb of fire
 85873 | Zot:5    | Gained mutation: You are frail. (-10% HP) [an orb of fire]
 85874 | Zot:5    | Killed an ancient lich
 85884 | Zot:5    | Killed a Killer Klown
 85884 | Zot:5    | Received a gift from Okawaru
 85892 | Zot:5    | Killed an orb of fire
 86026 | Zot:5    | Noticed an orb of fire
 86046 | Zot:5    | Gained mutation: Scrolls take you a little longer to read.
                  | [an orb of fire]
 86046 | Zot:5    | Noticed an ancient lich
 86047 | Zot:5    | Killed an orb of fire
 86049 | Zot:5    | Noticed a Killer Klown
 86060 | Zot:5    | Killed an ancient lich
 86061 | Zot:5    | Reached skill level 10 in Dodging
 86073 | Zot:5    | Killed a Killer Klown
 86413 | Zot:5    | Noticed an ancient lich
 86423 | Zot:5    | Noticed an ancient lich
 86434 | Zot:5    | Killed an ancient lich
 86434 | Zot:5    | Killed an ancient lich
 86434 | Zot:5    | Received a gift from Okawaru
 86450 | Zot:5    | Noticed an orb of fire
 86454 | Zot:5    | Killed an orb of fire
 86478 | Zot:5    | Noticed an ancient lich
 86488 | Zot:5    | Noticed an ancient lich
 86491 | Zot:5    | Killed an ancient lich
 86496 | Zot:5    | Killed an ancient lich
 86612 | Zot:5    | Lost mutation: You are frail. (-10% HP) [potion of
                  | mutation]
 86612 | Zot:5    | Lost mutation: Scrolls take you a little longer to read.
                  | [potion of mutation]
 86612 | Zot:5    | Gained mutation: Your flesh is cold resistant. (rC+)
                  | [potion of mutation]
 86661 | Zot:5    | Got the Orb of Zot
 86896 | Depths:3 | Noticed Todisir the pandemonium lord
 86946 | D:15     | Noticed Picuron the pandemonium lord
 86958 | D:15     | Killed Picuron the pandemonium lord
 87007 | D:13     | Noticed Ler Nuhu the pandemonium lord
 87024 | D:12     | Killed Ler Nuhu the pandemonium lord
 87102 | D:11     | Noticed Evo Wier the pandemonium lord
 87312 | D:$      | Escaped with the Orb!

Illustrated notes

Levels and vault maps discovered:
D:1:      heliophobic_arrival_henge, layout_basic
D:2:      layout_loops_ring, serial_bayou_pond_d, trog_three_pillars_becter,
          uniq_robin
D:3:      layout_basic, nicolae_ru_great_annihilating_truth, uniq_terence,
          uniq_grinder
D:4:      layout_loops_corners, ashenzari_conservatory_becter,
          lightli_ossuary_entry_decrepit_ruins, hangedman_feature_mirror,
          elyvilon_altar_4
D:5:      layout_rooms, general_overflow_altar, uniq_edmund
D:6:      kennysheep_six_static_rooms, layout_basic, temple_green,
          grunt_ministairs_6
D:7:      layout_cave_pools, uniq_duvessa
D:8:      cheibrodos_steamvent, layout_loops_ring, old_standard_altar,
          david_lair_generic
D:9:      layout_roguey, lemuel_coloured_pillars_altar, enter_bailey_3
D:10:     layout_rooms, evilmike_butchery
D:11:     layout_loops_ring, minmay_orc_entry_temple_large, serial_glass,
          glass_columns_a, glass_columns_c, kennysheep_cross_bottleneck,
          uniq_nergalle, uniq_snorg
D:12:     layout_irregular_city, minmay_misc_feat_x
D:13:     layout_gridville, skrybe_vaults_entry_preservation, st_stairs_7,
          uniq_sonja
D:14:     kennysheep_big_flooded_room, layout_loops_ring,
          maelrawn_ghost_gauntlet_escape, serial_bayou_pond_e,
          minmay_misc_feat_tiny
D:15:     grunt_enter_depths_snipers, layout_gridville,
          minmay_misc_feat_encased, minmay_strange_pillars, grunt_ministairs_7,
          uniq_azrael
Temple:   hc_temple_tempest_star
Lair:1:   layout_layer_cave, beast_lair_carwin_11, grunt_megastairs_4
Lair:2:   layout_regular_city, basic_altar, grunt_megastairs_3
Lair:3:   layout_small_grid, minmay_swamp_entry_swarm, serial_bayou_lake_a
Lair:4:   layout_big_grid, nicolae_spider_entry_non_spiders,
          chequers_serial_rivers_micro_a, cheibrodos_lair_reptile_den,
          uniq_josephine
Lair:5:   layout_cave_shapes, dpeg_oklob_1
Lair:6:   evilmike_catoblepas_cave, layout_cave_pods, slime_altar_1
Swamp:1:  layout_falls_marsh, hangedman_swamp_ruin_wall, swamp_pool2,
          grunt_hermit_hut, infiniplex_staircase_pool_2
Swamp:2:  layout_basic_swamp, basic_altar
Swamp:3:  layout_basic_swamp, serial_swamp_ruin, evilmike_swamp_ruin_house_4,
          evilmike_swamp_ruin_rubble_2, evilmike_swamp_ruin_house_6,
          st_shrine_of_shade
Swamp:4:  byrel_swamp_growth_death_and_undeath, layout_basic_swamp
Spider:1: layout_chambers, zaba_antful_of_joy,
          hangedman_spider_tarantella_strand
Spider:2: layout_spider_delve, ebering_ghost_disaster_area, uniq_frances
Spider:3: layout_spider_delve, uniq_donald, uniq_arachne
Spider:4: grunt_spider_rune_circles, uniq_louise, uniq_bai_suzhen, uniq_agnes
Slime:1:  layout_caves
Slime:2:  layout_caves
Slime:3:  layout_caves
Slime:4:  layout_caves
Slime:5
Orc:1:    layout_caves, gammafunk_ghost_berserking_beasts, kennysheep_orc_chapel
Orc:2:    grunt_orc_gardens, layout_diamond_mine, grunt_orc_garden,
          grunt_orc_garden, grunt_orc_garden, grunt_orc_garden, basic_altar,
          david_defended_altar_orc
Elf:1:    layout_loops_cross, minmay_elf_necromancy
Elf:2:    layout_loops_ring, serial_shops, statue_bzr
Elf:3:    minmay_elf_hall_dome, layout_geoelf_castle, grunt_megastairs_2
Vaults:1: hangedman_vaults_maws, hangedman_vaults_variations,
          hangedman_vaults_restitches, nicolae_vaults_little_squares_6,
          vaults_room_grunt_arrival_ludios, vaults_standard_mumra_x,
          nicolae_vaults_mini_display_case, ontoclasm_vaults_hangar,
          vaults_room_pool, ontoclasm_vaults_gateway, layout_vaults_quadrants,
          serial_hangedman_research, serial_shops,
          nicolae_shop_competitors_out_of_business, uniq_nikola
Vaults:2: vaults_dpeg_hooks, vaults_room_grid,
          nicolae_vaults_diagonal_hallway_7, vaults_room_large_hall,
          st_greater_box_2, nicolae_vaults_specimen_jars, ontoclasm_vaults_eye,
          nicolae_vaults_network_s, nicolae_vaults_asterisk,
          ontoclasm_vaults_chip, grunt_vaults_hallway_long,
          vaults_room_semicircle, layout_vaults_maze_bifur, basic_altar
Vaults:3: nicolae_vaults_hallways_thing, hangedman_vaults_unwind,
          grunt_tower_of_power, nicolae_vaults_big_ls,
          minmay_crypt_entry_simple_plaza, ontoclasm_vaults_chip,
          vaults_mumra_hexcomb, nicolae_vaults_network_star, vaults_dpeg_spiral,
          vaults_room_semicircle, vaults_dpeg_diagonal, layout_vaults_big_room
Vaults:4: v_misc_2, v_misc_10, ontoclasm_vaults_ring_large, st_cross,
          hangedman_vaults_hat, hangedman_vaults_snaps, ontoclasm_vaults_bender,
          v_misc_9, ontoclasm_vaults_spin, vaults_mumra_chevron_long,
          hangedman_vaults_corner_blocks, nicolae_vaults_shelves_hall,
          layout_vaults_omnibox, serial_shops, nicolae_shop_trees
Depths:1: layout_basic, abyss_entry, lightli_too_deep,
          ebering_dispersal_statue_hall, minmay_guarded_unrand_vampires_tooth,
          roderic_lattice_octagonal_star, minmay_shop_grove
Depths:2: wad_courtyard, layout_long_grid, amcnicky_mini_pool_small, hell_entry,
          infiniplex_staircase_spiral_double
Depths:3: grunt_double_whammy, layout_cave_pools, enter_ziggurat_b,
          grunt_hell_entry_dis_mu, grunt_pan_entry_sceptre, kennysheep_nub,
          hangedman_abyss_or_decor_lesser_grid, infiniplex_staircase_squiggle
Depths:4: minmay_dotted_concentric_squares, layout_cave_pools,
          abyss_entry_small_statue_room, minmay_misc_feat_hallway,
          pf_dread_powers_of_hell, serial_bayou_shore_b
Depths:5: evilmike_zot_entry_diamond, layout_gridlike,
          gammafunk_ghost_necromancy, minmay_misc_feat_plants, hell_entry,
          nicolae_trove_entry_diagonal, uniq_margery
Zot:1:    kennysheep_bubbly, layout_misc_corridors, skrybe_zot_glass_1
Zot:2:    layout_cathedral_of_symmetry
Zot:3:    layout_onion_interference
Zot:4:    lemuel_draconian_sentries, layout_basic
Zot:5:    layout_gridville, grunt_ministairs_6

Skill      XL: |  1  2  3  4  5  6  7  8  9 10 11 12 13 14 15 16 17 18 19 20 21 22 23 24 25 26 27 |
---------------+----------------------------------------------------------------------------------+-----
Maces & Flails | 1 2 3 4 6 8 10 11 12 13 14 15 | 15.4
Shields        | 1 2 7 9 11 13 14 15 | 15.0
Armour         | 2 4 6 7 9 10 11 13 14 16 17 18 | 18.0
Fighting       | 3 5 6 8 9 10 12 13 15 16 17 18 21 | 21.7
Invocations    | 4 7 10 12 14 15 | 15.0
Throwing       | 5 8 11 13 14 15 16 | 16.0
Evocations     | 4 5 9 11 12 15 | 15.0
Axes           | 1 11 15 18 19 20 21 24 | 24.8
Dodging        | 12 | 12.5
Stealth        | |  1.2

Action                   |  1- 3 |  4- 6 |  7- 9 | 10-12 | 13-15 | 16-18 | 19-21 | 22-24 | 25-27 || total
-------------------------+-------+-------+-------+-------+-------+-------+-------+-------+-------++-------
Melee: Short sword       |     9 |       |       |       |       |       |       |       |       ||     9
       Mace              |   110 |    84 |       |       |       |       |       |       |       ||   194
       Unarmed           |       |    29 |       |     1 |       |       |       |       |       ||    30
       Flail             |       |    90 |   432 |   823 |  1694 |  1486 |       |       |       ||  4525
       Dire flail        |       |       |       |       |       |   474 |   184 |       |       ||   658
       Great mace        |       |       |       |       |       |       |  1211 |   436 |       ||  1647
       Executioner's axe |       |       |       |       |       |       |       |   701 |  1230 ||  1931
Throw: Javelin           |       |       |       |       |       |       |       |       |    30 ||    30
Invok: Heroism           |       |       |       |     6 |     9 |    10 |     5 |       |     8 ||    38
       Finesse           |       |       |       |     1 |     1 |     4 |     1 |       |     6 ||    13
 Abil: Dig               |       |    11 |     4 |    16 |    23 |    32 |     8 |    13 |    35 ||   142
       Shaft Self        |       |     1 |       |     1 |       |       |       |       |       ||     2
       Evoke Flight      |       |       |       |       |       |       |       |     2 |       ||     2
Evoke: Wand              |       |       |       |    19 |    10 |     3 |    20 |    13 |     8 ||    73
       Condenser vane    |       |       |       |       |       |       |     4 |     4 |     2 ||    10
  Use: Potion            |       |     4 |       |     5 |     3 |    21 |     4 |     4 |    15 ||    56
       Scroll            |       |       |     5 |    16 |    12 |     9 |    15 |     3 |    27 ||    87
 Stab: Sleeping          |     1 |       |       |       |       |       |       |       |       ||     1
       Paralysed         |       |     1 |       |       |       |       |       |       |       ||     1
       Invisible         |       |       |       |     3 |       |     4 |       |       |       ||     7
       Distracted        |       |       |       |       |       |     2 |       |     4 |     1 ||     7
       Confused          |       |       |       |       |       |       |     1 |     2 |       ||     3
Armor: Leather armour    |    27 |       |       |       |       |       |       |       |       ||    27
       Ring mail         |    26 |    40 |       |       |       |       |       |       |       ||    66
       Skin              |       |    13 |       |       |       |       |       |     6 |       ||    19
       Chain mail        |       |    61 |   168 |    49 |       |       |       |       |       ||   278
       Plate armour      |       |       |       |   325 |   560 |  1039 |       |       |       ||  1924
       Storm dragon scal |       |       |       |       |       |     7 |   865 |   579 |   414 ||  1865
Dodge: Dodged            |    74 |    84 |   142 |   188 |   304 |   502 |   401 |   364 |   224 ||  2283
Block: Buckler           |       |    15 |    53 |   251 |   310 |       |       |       |       ||   629
       Reflection        |       |       |       |     4 |    18 |     9 |    39 |    66 |       ||   136
       Kite shield       |       |       |       |       |   293 |  1215 |   713 |   631 |    71 ||  2923
       Tower shield      |       |       |       |       |       |       |       |       |   979 ||   979
